 Dungeon Crawl Stone Soup version 0.15-a0-809-g8e1b895 (webtiles) character file.

24 4tharraofdagon the Insei (level 3, 0/20 HPs)
             Began as a Kobold Transmuter on May 14, 2014.
             Succumbed to a worker ant's poison
             ... on Level 4 of the Dungeon.
             The game lasted 00:03:49 (689 turns).

4tharraofdagon the Insei (Kobold Transmuter)         Turns: 689, Time: 00:03:49

HP   0/20        AC  2     Str  9      XL: 3   Next: 15%
MP   6/6         EV 21     Int 11      God:
Gold 23          SH  0     Dex 23      Spells:  2 memorised,  2 levels left

rFire  . . .     SeeInvis .     e - 2 scrolls of blinking {unknown}
rCold  . . .     Clarity  .     c - +0 robe
rNeg   . . .     Conserve .     (no shield)
rPois  .         rCorr    .     (no helmet)
rElec  .         rRot     .     (no cloak)
SustAb . .       Spirit   .     (no gloves)
rMut   .         Warding  .     (no boots)
Gourm  .         Stasis   .     (no amulet)
MR     .....                    (no ring)
                                g - +2 ring of dexterity

@: agile, lethally poisoned, very slightly contaminated, not resistant to
hostile enchantments, fairly stealthy
A: disease resistance, carnivore 3
a: no special abilities


You were on level 4 of the Dungeon.
You were not hungry.

You visited 1 branch of the dungeon, and saw 4 of its levels.

You collected 23 gold pieces.

Inventory:

Missiles
 b - 12 arrows
Armour
 c - a +0 robe (worn)
Comestibles
 a - a meat ration
Scrolls
 e - 2 scrolls of blinking (in hand) {unknown}
 f - a scroll of enchant weapon I {unknown}
 h - 2 scrolls of remove curse
 k - a scroll of teleportation
Jewellery
 g - a +2 ring of dexterity (left hand)
Books
 d - a book of Changes

   Spells                             Type                      Level
   *Beastly Appendage                 Transmutation                1
   Sticks to Snakes                   Transmutation                2
   *Spider Form                       Transmutation/Poison         3
   Ice Form                           Ice/Transmutation            4
   Blade Hands                        Transmutation                5


   Skills:
 + Level 1.3 Fighting
 + Level 2.8 Dodging
 * Level 3.4 Unarmed Combat
 + Level 2.2 Spellcasting
 + Level 2.0 Transmutations


You had 2 spell levels left.
You knew the following spells:

 Your Spells              Type           Power        Failure   Level  Hunger
a - Beastly Appendage     Trmt           #.....       14%         1    ##.....
b - Spider Form           Trmt/Pois      #.........   61%         3    ####...


Dungeon Overview and Level Annotations

Branches:
Dungeon (4/15)
 Temple: D:4-7

Altars:
Makhleb
Vehumet

Annotations:
D:3 Grinder


Innate Abilities, Weirdness & Mutations

You recuperate from illness quickly.
You are small and have problems with some larger weapons.
You are carnivorous and can eat meat at any time.


Message History

e - 2 scrolls labeled SMAKAMA GRAACA (gained 1) Read which item? (? for menu, Esc to quit)
Okay, then.
Wield which item (- for none, * to show all)? (? for menu, Esc to quit)
e - 2 scrolls labeled SMAKAMA GRAACA (in hand)
* * * LOW HITPOINT WARNING * * *
You feel sick.
You swing at nothing.
You swing at nothing.
You swing at nothing.
* * * LOW HITPOINT WARNING * * *
You feel sick.
You swing at nothing.
You swing at nothing.
* * * LOW HITPOINT WARNING * * *
You feel sick.
You swing at nothing.
You swing at nothing.
You swing at nothing.
You die...

+## ... #.. #..
+.#######
+.......#
#.......#
##.......+
######.@......#
...............#
#######.......#
#.......#
#.......#
#########


There were no monsters in sight!

Vanquished Creatures
  A giant mite (D:2)
  A giant gecko (D:2)
  An ooze (D:2)
  4 bats
  2 giant cockroaches (D:1)
  2 goblins
  2 hobgoblins (D:2)
  A kobold (D:2)
14 creatures vanquished.

Notes
Turn   | Place    | Note
--------------------------------------------------------------
     0 | D:1      | 4tharraofdagon, the Kobold Transmuter, began the quest for the Orb.
     0 | D:1      | Reached XP level 1. HP: 12/12 MP: 3/3
   178 | D:2      | Reached XP level 2. HP: 9/16 MP: 2/4
   421 | D:2      | Reached XP level 3. HP: 5/20 MP: 4/6
   435 | D:2      | Learned a level 3 spell: Spider Form
   470 | D:2      | Found a burning altar of Makhleb.
   470 | D:2      | Found a radiant altar of Vehumet.
   587 | D:3      | Noticed Grinder
   686 | D:4      | HP: 1/20 [poisoned by a worker ant]
   689 | D:4      | Succumbed to a worker ant's poison

Action                   || total
-------------------------++-------
Melee: Unarmed           ||    64
 Cast: Beastly Appendage ||     7
  Use: Potion            ||     3
       Scroll            ||     2

Vault maps used:
D:1:      minmay_arrival_four_circles
D:2:      forest_paths, gammafunk_temple_overflow_elements
D:3:      serial_park_square1, tso_oasis_becter, elyvilon_altar_4, first_bread,
          uniq_grinder, uniq_crazy_yiuf_cottage
D:4:      minmay_hollow_rounded_squares
